 Dungeon Crawl Stone Soup version 0.28-a0-802-g09f76e8c00 (webtiles) character file.

Game seed: 18247738301773022815

341 gimp the Sneak (level 6, 0/48 HPs)
             Began as a Spriggan Wanderer on Nov 6, 2021.
             Slain by a gnoll (4 damage)
             ... on level 5 of the Dungeon.
             The game lasted 00:08:00 (4600 turns).

gimp the Sneak (Spriggan Wanderer)                  Turns: 4600, Time: 00:08:01

Health: 0/48       AC: 23    Str:  7    XL:     6   Next: 30%
Magic:  7/7        EV:  4    Int: 13    God:
Gold:   163        SH:  0    Dex: 18    Spells: 5/5 levels left

rFire   . . .      SeeInvis +   a - +3 short sword (elec)
rCold   . . .      Faith    .   (shield restricted)
rNeg    . . .      Spirit   .   (armour currently unavailable)
rPois   +          Reflect  .   (helmet currently unavailable)
rElec   .          Harm     .   (cloak currently unavailable)
rCorr   .          Rampage  .   (gloves unavailable)
Will    +....      NoTele   +   (boots unavailable)
Stlth   +++.......              (no amulet)
HPRegen 0.16/turn               (no ring)
MPRegen 0.10/turn               (no ring)

@: brilliant, lethally poisoned (0 -> -5), tree-form
A: stationary, stasis, torment immunity, boosted hp, very small, no large
weapons, unfitting armour, see invisible, (speed 3)
a: no special abilities


You were on level 5 of the Dungeon.
You were a tree.
You visited 1 branch of the dungeon, and saw 4 of its levels.
You also visited: Sewer.

You collected 163 gold pieces.

Inventory:

Hand Weapons
 a - a +3 short sword of electrocution (weapon)
 b - a +2 short sword of draining
 d - a +0 dagger
Missiles
 k - 8 poisoned darts (quivered)
Armour
 c - a +0 robe (melded)
Scrolls
 e - a scroll of enchant weapon
Potions
 f - a potion of lignification
 g - a potion of degeneration {unknown}
 i - a potion of brilliance
 j - a potion of invisibility
 n - a potion of flight {unknown}


   Skills:
 - Level 2.4 Fighting
 * Level 5.2 Short Blades
 - Level 1.2 Bows
 + Level 4.5 Dodging
 - Level 6.0 Stealth
 - Level 1.3 Evocations


You had 5 spell levels left.
You didn't know any spells.
Your spell library contained the following spells:

 Spells                   Type           Power      Damage    Failure   Level
 Scorch                   Fire           0%         2d5       43%         2
 Flame Wave               Conj/Fire      0%         3d3       97%         4
 Summon Cactus Giant      Summ           0%         N/A       100%        6


Dungeon Overview and Level Annotations

Branches:
Dungeon (3/15)             Temple (0/1) D:5           Sewer (visited)

Altars:

Annotations:
D:5 Grinder


Innate Abilities, Weirdness & Mutations

You are a tree.
Your roots penetrate the ground, keeping you stationary.
You cannot be teleported.
You are immune to unholy pain and torment.
Your maximum health is greatly increased.
Your equipment is partially melded.
You are very small and have problems with some larger weapons.
You are too small for most types of armour.
You have supernaturally acute eyesight. (SInv)
((You cover ground extremely quickly. (Speed+++)))


Message History

The gnoll hits you but does no damage.
The gnoll sergeant hits you but does no damage.
The gnoll barely misses you.
You hit the gnoll sergeant but do no damage.
The gnoll sergeant is severely wounded.
The gnoll hits you but does no damage.
The gnoll sergeant hits you but does no damage.
You hit the gnoll sergeant but do no damage.
The gnoll sergeant is severely wounded.
The gnoll hits you but does no damage.
You are poisoned.
The gnoll hits you but does no damage.
The gnoll sergeant hits you but does no damage.
You hit the gnoll sergeant but do no damage.
The gnoll sergeant is severely wounded.
You feel sick.
A gnoll comes into view. It is wielding a +0 spear.
The gnoll completely misses you. The gnoll hits you but does no damage.
The gnoll sergeant hits you but does no damage.
You take 2 damage, and have 26/48 hp.
You barely miss the gnoll sergeant.
The gnoll sergeant is severely wounded.
You feel sick.
The gnoll hits you from afar with a +1 halberd of venom!
The gnoll hits you but does no damage.
You take 11 damage, and have 15/48 hp.
MASSIVE DAMAGE!!
You barely miss the gnoll sergeant.
The gnoll sergeant is severely wounded.
You feel sick.
The gnoll sergeant hits you but does no damage.
The gnoll hits you from afar with a +1 halberd of venom!
* * * LOW HITPOINT WARNING * * *
You take 10 damage, and have 5/48 hp.
MASSIVE DAMAGE!!
It was a potion of brilliance.
You feel clever all of a sudden.
* * * LOW HITPOINT WARNING * * *
You feel sick. The gnoll hits you but does no damage.
The gnoll sergeant hits you but does no damage.
The gnoll hits you from afar with a +1 halberd of venom.
You die...

******* ### <,,,,,* ##.########
*****,* ###......,..######****
*,* #......####.......,,>,
*****,** *,#.........#********,
,,,,,,,* *,##g.#####.# *,
*,,**,,*****,*##♣# #.####### *,
,,,,,,,,,,,,,,,#g# #..)....# *,
*,,**,,,,g.....gS# #######.# *,
,,,,,,,,*##....### #.# *,
,,<,,,,,*∩#...#* #.# *,
*,***,***,###..#* #.# *,
#.**.,+,,,,,#..Z#* #.# *,
#.##.,#**,###..#.## ##.##*,
......,,*,#....##.#########...##.


You could see a gnoll sergeant, 2 gnolls and an adder.

Vanquished Creatures
  2 bullfrogs (Sewer)
  A centaur zombie (D:3)
  An iguana (D:5)
  3 adders
  A gnoll (D:5)
  An adder skeleton (D:2)
  A worm (D:3)
  A dart slug (D:2)
  13 ball pythons
  15 endoplasms
  15 giant cockroaches
  3 goblins
  5 hobgoblins
  4 kobolds
  18 quokkas
  3 bats
  11 frilled lizards
  7 rats
105 creatures vanquished.

Vanquished Creatures (others)
  4 plants (D:2)
4 creatures vanquished.

Grand Total: 109 creatures vanquished

Notes
Turn   | Place    | Note
-------+----------+-------------------------------------------
     0 | D:1      | gimp the Spriggan Wanderer began the quest for the Orb.
     0 | D:1      | gimp set off with the following items: a +2 short sword, 2
                  | potions of lignification, a +0 robe, a +0 dagger
     0 | D:1      | Reached XP level 1. HP: 11/11 MP: 2/2
   735 | D:1      | Reached skill level 4 in Stealth
   735 | D:1      | Reached XP level 2. HP: 16/16 MP: 3/3
  1464 | D:2      | Reached XP level 3. HP: 19/19 MP: 4/4
  1619 | D:2      | Reached skill level 5 in Stealth
  1678 | D:2      | Found a faded altar of an unknown god.
  1872 | D:3      | Found a glowing drain.
  1930 | Sewer    | Entered a sewer
  1956 | Sewer    | Reached XP level 4. HP: 23/23 MP: 5/5
  2902 | Sewer    | Reached skill level 6 in Stealth
  3859 | Sewer    | Noticed a bullfrog
  3875 | Sewer    | Noticed a bullfrog
  3891 | Sewer    | Killed a bullfrog
  3892 | Sewer    | Reached XP level 5. HP: 14/27 MP: 6/6
  3958 | Sewer    | Reached XP level 6. HP: 21/32 MP: 7/7
  4205 | D:3      | Reached skill level 5 in Short Blades
  4337 | D:3      | You fall into a shaft and drop 2 floors!
  4337 | D:5      | Entered Level 5 of the Dungeon
  4381 | D:5      | Noticed Grinder
  4600 | D:5      | Slain by a gnoll

Illustrated notes

Levels and vault maps discovered:
D:1:      ncdulo_smallfort, layout_loops_corners,
          hangedman_decor_clover_reticule
D:2:      layout_rooms, ebering_ecumenical_altar_hall, guppyfry_early_lair_pool
D:3:      layout_basic, gup_sewer_entry_pipe, minmay_misc_feat_nine_boxes,
          minmay_quadrilaterals, uniq_ijyb
D:5:      layout_loops_ring, minmay_temple_entry_grid,
          nicolae_ossuary_entry_plus, uniq_grinder, uniq_pikel

Skill      XL: |  1  2  3  4  5  6 |
---------------+-------------------+-----
Stealth        | 4 5 6 |  6.0
Short Blades   | 2 4 5 |  5.2
Dodging        | 3 4 |  4.5
Fighting       | |  2.4
Bows           | |  1.2
Evocations     | |  1.3

Action                   |  1- 3 |  4- 6 || total
-------------------------+-------+-------++-------
Melee: Short sword       |    93 |   182 ||   275
Throw: Boomerang         |     3 |     2 ||     5
       Dart              |     1 |    12 ||    13
  Use: Scroll            |     3 |     6 ||     9
       Potion            |       |     3 ||     3
 Stab: Sleeping          |    15 |     9 ||    24
       Distracted        |     1 |       ||     1
Armor: Robe              |     9 |    13 ||    22
       Skin              |       |    21 ||    21
Dodge: Dodged            |    68 |   135 ||   203

Table legend: (Time is in decaauts)
 A = Elapsed time spent in this place.
 B = Non-inter-level travel time spent in this place.
 C = Inter-level travel time spent in this place.
 D = Time resting spent in this place.
 E = Time spent auto-exploring this place.
 F = Levels seen in this place.
 G = Mean time per level.
                   A        B        C        D        E       F      G
               +--------+--------+--------+--------+--------+-----+--------+
         Total |   4031 |   3986 |     45 |    225 |   2914 |   5 |  806.2 |
       Dungeon |   1801 |   1756 |     45 |    179 |   1209 |   4 |  450.2 |
         Sewer |   2230 |   2230 |      0 |     46 |   1705 |   1 | 2230.0 |
               +--------+--------+--------+--------+--------+-----+--------+

Top non-repeatable levels by time:
   Sewer: 2230 daAuts
     D:1: 827 daAuts
     D:2: 548 daAuts
     D:5: 224 daAuts
     D:3: 200 daAuts
